 Dungeon Crawl Stone Soup version 0.25.1-2-g60ff931df9 (webtiles) character file.

Game seed: 9657334005196284772

662 Curus the Distorting Hill Orc (level 7, 28/57 HPs)
             Began as a Hill Orc Abyssal Knight on Oct 3, 2020.
             Was a Believer of Lugonu.
             Quit the game on level 4 of the Dungeon.
             The game lasted 00:23:05 (4882 turns).

Curus the Distorting Hill Orc (HOAK)                Turns: 4882, Time: 00:23:06

Health: 28/57      AC: 10    Str: 19    XL:     7   Next: 56%
Magic:  12/12      EV:  6    Int: 14    God:    Lugonu [**....]
Gold:   227        SH:  6    Dex: 12    Spells: 6/6 levels left

rFire    . . .     SeeInvis .   a - +2 spear
rCold    . . .     Gourm    .   l - +3 buckler
rNeg     . . .     Faith    .   q - +0 chain mail
rPois    .         Spirit   .   o - +1 helmet "Circhiuda" {MR+ Str+4 Int+2}
rElec    .         Reflect  .   j - scarf {repulsion}
rCorr    .         Harm     .   (no gloves)
MR       +....                  (no boots)
Stlth    ..........             g - amulet of magic regeneration
HPRegen  0.19/turn              (no ring)
MPRegen  0.38/turn              (no ring)

@: repel missiles, very slow
A: no striking features
a: Depart the Abyss, Bend Space, Renounce Religion


You were on level 4 of the Dungeon.
You worshipped Lugonu.
Lugonu was pleased with you.
You were not hungry.

You visited 1 branch of the dungeon, and saw 4 of its levels.
You visited the Abyss 1 time.

You collected 227 gold pieces.

Inventory:

Hand Weapons
 a - a +2 spear (weapon)
Armour
 b - a +0 leather armour
 d - a +0 leather armour of magic resistance
 j - a scarf of repulsion (worn)
 k - a +0 ring mail
 l - a +3 buckler (worn)
 o - the +1 helmet "Circhiuda" (worn) {MR+ Str+4 Int+2}
   (You took it off Robin on level 3 of the Dungeon)

   It affects your strength (+4).
   It affects your intelligence (+2).
   It affects your resistance to hostile enchantments.
 q - a +0 chain mail (worn)
 s - a +0 cloak
Jewellery
 g - an amulet of magic regeneration (around neck)
 n - an uncursed ring of attention
Wands
 m - a wand of polymorph (3)
 r - a wand of digging (7)
Scrolls
 e - 4 scrolls of identify
 h - 3 scrolls of noise
 i - a scroll of remove curse
 t - a scroll of teleportation
Potions
 f - a potion of brilliance
Comestibles
 c - 5 rations
 p - a chunk of flesh


   Skills:
 - Level 3.6 Fighting
 + Level 6.5 Polearms
 - Level 2.1 Armour
 - Level 0.7 Dodging
 + Level 7.7 Invocations


You had 6 spell levels left.
You didn't know any spells.
Your spell library was empty.

Dungeon Overview and Level Annotations

Branches:
Dungeon (4/15)
 Temple: D:4-7

Altars:
Gozag
Nemelex Xobeh
Qazlal
Sif Muna


Message History

You hit the worm.
The worm is heavily wounded.
The worm bites you.
Your unstable footing causes you to fumble your attack.
Your unstable footing causes you to fumble your attack.
The worm splashes around in the water.
You hit the worm.
The worm is severely wounded.
Your unstable footing causes you to fumble your attack.
You hear the drain falling apart.
The worm splashes around in the water.
You hit the worm.
The worm is severely wounded.
You hit the worm.
You kill the worm!
Lugonu accepts your kill.
You see here a worm corpse.
You start resting.
The walls and floor vibrate strangely for a moment.
Are you sure you want to abandon this character and quit the game? (Confirm with "yes".)

########.≈.≈≈≈≈≈.............####
........≈≈#≈#≈######..#..........
.#.##.#.≈≈≈≈≈≈≈≈≈# #.........####
.#.##.#.########†# #.##........#
.#......# #≈≈%≈≈≈###.##......#.#
.#.##.#.# #≈#≈####...........#.##
.#......# # #≈≈≈≈##.#########...#
......### #≈##≈##.####### #...#
[###### #≈≈#@##.......# #...# .#
##≈#≈##.......# #...# .#
≈#≈##..###..# #...# .#
≈#≈##..'_#..# #...# .#
####...###..###...# .#
##................ .###
#.###............. ...# ....#.#
#.#........... .#.#
.....#.###.#<######...#


There were no monsters in sight!

Vanquished Creatures
  Grinder (D:3)
  Sigmund (D:2)
  A sky beast (D:3)
  A centaur skeleton (D:4)
  Jessica (D:2)
  Robin (D:3)
  3 adders
  2 adder skeletons (D:3)
  13 worms
  A dart slug (D:1)
  2 leopard geckos
  An orc (D:3)
  7 bats
  5 giant cockroaches
  12 goblins
  12 hobgoblins
  14 jackals
  A quokka (D:4)
  2 frilled lizards
  4 kobolds
  7 rats
92 creatures vanquished.

Notes
Turn   | Place    | Note
-------+----------+-------------------------------------------
     0 | Abyss:1  | Curus the Hill Orc Abyssal Knight began the quest for the
                  | Orb.
     0 | Abyss:1  | Reached XP level 1. HP: 19/19 MP: 2/2
    84 | Abyss:1  | Noticed a thrashing horror
    88 | D:1      | Escaped the Abyss
   149 | D:1      | Reached * piety under Lugonu
   149 | D:1      | Reached XP level 2. HP: 21/26 MP: 4/4
   162 | D:1      | Reached skill level 3 in Invocations
   614 | D:1      | Reached XP level 3. HP: 21/31 MP: 5/5
  1389 | D:2      | Reached skill level 4 in Invocations
  1677 | D:2      | Noticed Sigmund
  1688 | D:2      | Killed Sigmund
  1688 | D:2      | Reached skill level 5 in Invocations
  1688 | D:2      | Reached XP level 4. HP: 13/39 MP: 6/8
  1688 | D:2      | Reached XP level 5. HP: 15/45 MP: 6/9
  1905 | D:2      | Noticed Jessica
  1906 | D:2      | Found an opulent altar of Gozag.
  1913 | D:2      | Killed Jessica
  1913 | D:2      | Reached skill level 5 in Polearms
  1913 | D:2      | Reached XP level 6. HP: 51/51 MP: 10/10
  2001 | D:2      | Reached ** piety under Lugonu
  2239 | D:2      | Reached skill level 6 in Invocations
  2868 | D:3      | Found a shimmering blue altar of Sif Muna.
  2896 | D:3      | Noticed Grinder
  2925 | D:3      | Killed Grinder
  2925 | D:3      | Reached skill level 7 in Invocations
  2925 | D:3      | Reached XP level 7. HP: 13/57 MP: 10/12
  3415 | D:3      | Identified the +1 helmet "Circhiuda" {MR+ Str+4 Int+2}
  3415 | D:3      | Noticed Robin
  3424 | D:3      | Killed Robin
  4141 | D:3      | Found a sparkling altar of Nemelex Xobeh.
  4399 | D:4      | Found a stormy altar of Qazlal.
  4882 | D:4      | Quit the game

Illustrated notes

Levels and vault maps discovered:
D:1:      lemuel_arrival_hallway, layout_rooms
D:2:      layout_loops_ring, nicolae_overflow_crystal_walls, uniq_jessica,
          uniq_sigmund
D:3:      layout_loops_corners, old_standard_altar,
          nemelex_diamond_rough_becter, uniq_robin, uniq_grinder
D:4:      layout_loops_cross, kennysheep_mini_moat, lightli_sewer_entry_pipes,
          first_ration

Skill      XL: |  1  2  3  4  5  6  7 |
---------------+----------------------+-----
Invocations    | 3 5 7 |  7.7
Polearms       | 3 4 5 6 |  6.5
Fighting       | |  3.6
Armour         | |  2.1
Dodging        | |  0.7

Action                   |  1- 3 |  4- 6 |  7- 9 || total
-------------------------+-------+-------+-------++-------
Melee: Spear             |   133 |   122 |   212 ||   467
Invok: Depart the Abyss  |     1 |       |       ||     1
  Use: Scroll            |     5 |     1 |     2 ||     8
       Potion            |     6 |       |       ||     6
 Stab: Sleeping          |     1 |       |       ||     1
  Eat: Chunk             |     2 |     4 |     7 ||    13
Armor: Leather armour    |    41 |     4 |       ||    45
       Ring mail         |       |    31 |    20 ||    51
       Chain mail        |       |       |    33 ||    33
Dodge: Dodged            |    77 |    40 |    27 ||   144
Block: Buckler           |       |    10 |    19 ||    29
